[Event "*** Titled Tuesday Blitz"]
[Site "Chess.com"]
[Date "2020.05.05"]
[Round "1"]
[White "IMDT02"]
[Black "Thjop"]
[Result "0-1"]
[WhiteElo "2337"]
[BlackElo "2665"]
[TimeControl "180+1"]
[EndTime "10:08:30 PDT"]
[Termination "Thjop won by resignation"]

1. Nf3 Nf6 2. e3 g6 3. d4 Bg7 4. Bd3 O-O 5. b3 d6 6. Bb2 Nbd7 7. O-O Re8 8. Nbd2 e5 9. dxe5 dxe5 10. e4 Nh5 11. Re1 Nf4 12. Bf1 Qe7 13. g3 Ne6 14.
Nc4 Ng5 15. Nxg5 Qxg5 16. Bg2 Nb6 17. Ne3 c6 18. a4 a5 19. h4 Qf6 20. f4 Qd8 21. Qxd8 Rxd8 22. f5 gxf5 23. Nxf5 Bxf5 24. exf5 f6 25. Rad1 Kf7 26. c4 Bf8 27. Bf3 Bb4 28. Rf1 Nd7 29. Be4 Nc5 30. Bc2 Ke7 31. Kf2 Rg8 32. Bc1 Rg4 33. Be3 Rag8 34. Rg1 Na6 35. Kf3 Bc5 36. Bxc5+ Nxc5 37. Rd2 Rd4 38. Rxd4 exd4 39.
Rd1 Rd8 40. Ke2 Na6 41. Kd2 Nb4 42. Re1+ Kf7 43. Re6 Rg8 44. Rd6 Rxg3 45. Be4 Rxb3 46. Rd7+ Ke8 47. Rxb7 d3 48. Bxc6+ Kd8 49. Bd5 Rb2+ 50. Kd1 d2 51. c5 Nd3 52. Rxb2 Nxb2+ 53. Kxd2 Nxa4 54. c6 Kc7 55. h5 Kd6 56. Bb3 Nc5 57. Bf7 h6 58. Kc3 Na6 59. Be8 Nb8 60. c7 Kxc7 61. Kc4 Kd6 62. Bb5 Nd7 63. Ba4 Nb6+ 0-1

[Event "*** Titled Tuesday Blitz"]
[Site "Chess.com"]
[Date "2020.05.05"]
[Round "1"]
[White "saraswathii"]
[Black "GasconJR"]
[Result "1/2-1/2"]
[WhiteElo "2293"]
[BlackElo "2597"]
[TimeControl "180+1"]
[EndTime "10:08:30 PDT"]
[Termination "Game drawn - insufficient material"]

1. e4 c5 2. Nf3 Nc6 3. d3 g6 4.
g3 Bg7 5. Bg2 e5 6. O-O Nge7 7.
c3 O-O 8. Be3 d6 9. Na3 h6 10.
Nc2 f5 11. Qd2 g5 12. exf5 Nxf5 13. Rae1 g4 14. Nh4 Nxh4 15. gxh4 Qxh4 16. d4 cxd4 17.
cxd4 Bf5 18. dxe5 Bxe5 19. f4 gxf3 20. Bxf3 Bh3 21. Rf2 Rxf3 22. Qd5+ Kh8 23. Qxf3 Rg8+ 24. Kh1 Bg4 25. Qe4 Qh5 26. Ref1 Bh3 27. Re1 Be6 28.
Rd2 Bf5 29. Qd5 Qh4 30. Bg1 Bxc2 31. Rxe5 Nxe5 32. Rxc2 Qg4 33. Bxa7 Nf3 34. Qd1 Qe4 35. Re2 Qc6 36. Rg2 Ne5 37. Qf1 Rxg2 38. Qxg2 Qc1+ 39. Bg1 Qb1 40. h3 Qxa2 41. Bd4 Qe6 42. Kh2 Kh7 43. Qxb7+ Kg6 44. Qe4+ Kf7 45. Bxe5 dxe5 46. Qh7+ Ke8 47. Qh8+ Kd7 48. Qg7+ Kd6 49. Qg2 e4 50. Qg3+ Kd5 51. Kg2 e3 52. Kf3 e2 53. Qe1 Qe4+ 54. Kf2 Qf5+ 55.
Kxe2 Qxh3 56. Qd2+ Kc4 57. Qc2+ Kb4 58. Qd2+ Kb3 59.
Qd5+ Kxb2 60. Qe5+ Kb3 61. Qe3+ Qxe3+ 62. Kxe3 Kc4 63.
Kf3 Kd5 64. Kg4 Ke6 65. Kh5 Kf7 66. Kxh6 1/2-1/2

[Event "*** Titled Tuesday Blitz"]
[Site "Chess.com"]
[Date "2020.05.05"]
[Round "1"]
[White "ilya261991"]
[Black "HanSchut"]
[Result "1/2-1/2"]
[WhiteElo "2553"]
[BlackElo "2235"]
[TimeControl "180+1"]
[EndTime "10:08:34 PDT"]
[Termination "Game drawn - insufficient material"]

1. d4 Nf6 2. c4 g6 3. Nc3 d5 4. cxd5 Nxd5 5. e4 Nxc3 6. bxc3 Bg7 7. Bc4 c5 8. Ne2 Nc6 9. Be3 O-O 10. O-O Bg4 11. f3 cxd4 12. cxd4 Na5 13. Bd3 Be6 14. Nf4 Bxd4 15. Bxd4 Qxd4+ 16. Kh1 Bc4 17. Qa4 e5 18. Bxc4 Qxc4 19. Qxa5 exf4 20. Qe5 Rfd8 21. Qxf4 Rac8 22.
h4 Qe2 23. Rfc1 Rxc1+ 24. Qxc1 Rd2 25. Qc8+ Kg7 26. Qc3+ Kh6 27. Rg1 Qf2 28. Qf6 Qg3 29. a4 Kh5 30. Qg5+ Qxg5 31. hxg5 Kxg5 32. Rb1 b6 33. g3 h5 34. Rb5+ Kh6 35. a5 Rd6 36. axb6 Rxb6 37. Ra5 Rb7 38. Kg2 Kg7 39. f4 Kf8 40. g4 hxg4 41. Kg3 Ke8 42. Kxg4 Kd8 43. f5 gxf5+ 44. exf5 Kc7 45. f6 Kb6 46. Re5 a5 47. Kg5 a4 48. Kh6 a3 49. Re2 Ra7 50.
Ra2 Kc6 51. Kg7 Kd6 52. Rd2+ Ke5 53. Ra2 Ke6 54. Re2+ Kf5 55. Re7 Ra6 56. Re1 a2 57. Ra1 Ke4 58. Kxf7 Kd3 59. Kg7 Kc2 60. f7 Ra7 61.
Rxa2+ Rxa2 62. f8=Q Rb2 63. Qf5+ Kb3 64. Qe5 Rc2 65. Kf6 Rc6+ 66. Kf5 Rc4 67. Qd5 Kb4 68. Ke5 Rc5 69. Kd4 Rxd5+ 70. Kxd5 1/2-1/2

[Event "*** Titled Tuesday Blitz"]
[Site "Chess.com"]
[Date "2020.05.05"]
[Round "1"]
[White "Harry_Rakkel"]
[Black "sjevtic"]
[Result "1/2-1/2"]
[WhiteElo "2628"]
[BlackElo "2320"]
[TimeControl "180+1"]
[EndTime "10:08:35 PDT"]
[Termination "Game drawn - insufficient material"]

1. d4 d5 2. Nf3 Nf6 3. Bf4 e6 4. e3 c5 5. c3 Qb6 6. Qb3 c4 7. Qxb6 axb6 8. a3 b5 9. Bxb8 Rxb8 10. Nbd2 Bd6 11. g3 O-O 12. Bg2 Nd7 13. O-O Nb6 14. e4 Na4 15. Rab1 b6 16. Rfe1 Bb7 17. e5 Be7 18. Re2 Bc6 19. h4 Rfe8 20. Nf1 Ra8 21.
Rbe1 Ra7 22. Bh3 Nxc3 23. bxc3 Rxa3 24. Rc1 Rea8 25. Ne1 Rb3 26. Nd2 Rb2 27. Bf1 Raa2 28. Nef3 g6 29. Rb1 b4 30. Rxb2 Rxb2 31. cxb4 Bxb4 32.
Ne4 Rxe2 33. Nf6+ Kg7 34. Bxe2 Ba4 35. Kf1 c3 36. Ne1 c2 37. Nxc2 Bxc2 38. h5 Bc3 39. Ne8+ Kf8 40. Nf6 Bxd4 41. Nxh7+ Kg7 42. hxg6 fxg6 43.
Ng5 Bxe5 44. Nxe6+ Kf6 45. Nf8 Bf5 46. f4 Bc3 47. g4 Bc8 48. Nh7+ Kg7 49. Ng5 Bd7 50. Kf2 b5 51. Kf3 b4 52. Bd3 b3 53.
f5 gxf5 54. gxf5 Kf6 55. Ne6 Bxe6 56. fxe6 Kxe6 57. Ke3 Kd6 58. Bg6 Kc5 59. Kd3 Be5 60. Bf7 b2 61. Kc2 Kc4 62. Bg8 Bc3 63. Bf7 Kd4 64.
Bg8 Kc5 65. Bf7 Kd6 66. Bg8 Ke5 67. Bf7 Ke4 68. Bg8 d4 69. Bh7+ Ke3 70. Bg6 d3+ 71. Bxd3 b1=Q+ 72. Kxb1 1/2-1/2

[Event "*** Titled Tuesday Blitz"]
[Site "Chess.com"]
[Date "2020.05.05"]
[Round "1"]
[White "GoValya"]
[Black "pedromartinez91"]
[Result "1/2-1/2"]
[WhiteElo "2171"]
[BlackElo "2518"]
[TimeControl "180+1"]
[EndTime "10:08:35 PDT"]
[Termination "Game drawn by stalemate"]

1. d4 Nf6 2. Nf3 g6 3. c4 Bg7 4. g3 O-O 5. Bg2 c5 6. d5 Qa5+ 7. Bd2 Qa6 8. Na3 Ne4 9. Qc2 Nxd2 10. Nxd2 d6 11. Nb5 Qb6 12. a4 Na6 13. O-O Nb4 14.
Qe4 Qd8 15. Nc3 Bf5 16. Qh4 e5 17. dxe6 Bxe6 18. Qxd8 Rfxd8 19. Bxb7 Rab8 20. Bf3 Nc2 21. Rab1 Nd4 22. Bg2 Rb4 23. Nd5 Bxd5 24. Bxd5 Nxe2+ 25. Kg2 Kf8 26. Rfe1 Nd4 27. b3 h6 28. Re3 Re8 29.
Rbe1 Rxe3 30. Rxe3 a5 31. Ne4 Rb6 32. Nd2 Bf6 33. h4 h5 34. Ne4 Be7 35. Nd2 Bf6 36.
Ne4 Bg7 37. Nd2 Bh6 38. Rd3 Bxd2 39. Rxd2 Rxb3 40. Ra2 f5 41. f3 Rc3 42. Kf2 Ke7 43. Ra1 Rc2+ 44. Kg1 Ne2+ 45. Kf2 Nd4+ 46. Kg1 Kf6 47.
Kf1 f4 48. gxf4 Kf5 49. Be4+ Kxf4 50. Bxc2 Nxc2 51. Rc1 Nd4 52. Kf2 Nxf3 53. Rb1 Ne5 54. Rb8 Kg4 55. Rg8 Kxh4 56. Rd8 Nxc4 57. Kf3 g5 58.
Ke4 g4 59. Rg8 Kh3 60. Kf4 d5 61. Rg5 h4 62. Rxd5 g3 63. Rxc5 g2 64. Rg5 Nd2 65.
Ke3 Nf1+ 66. Kf2 Ng3 67. Rxg3+ hxg3+ 68. Kg1 Kh4 69. Kxg2 Kg4 70. Kg1 Kf3 71. Kh1 Ke3 72.
Kg2 Kd3 73. Kxg3 Kc3 74. Kf2 Kb3 75. Ke2 Kxa4 76. Kd2 Kb3 77. Kc1 Ka2 78. Kc2 a4 79. Kc1 a3 80. Kc2 Ka1 81. Kc1 a2 82. Kc2 1/2-1/2

[Event "*** Titled Tuesday Blitz"]
[Site "Chess.com"]
[Date "2020.05.05"]
[Round "1"]
[White "Gloomy_Wanderer"]
[Black "MFguimaraes"]
[Result "1-0"]
[WhiteElo "2785"]
[BlackElo "2406"]
[TimeControl "180+1"]
[EndTime "10:08:36 PDT"]
[Termination "Gloomy_Wanderer won by resignation"]

1. d4 Nf6 2. Nf3 d5 3. c4 c6 4. Qc2 dxc4 5. Qxc4 Bf5 6. g3 e6 7. Bg2 Nbd7 8. O-O Be7 9. Qb3 Qb6 10. Nbd2 O-O 11.
Nc4 Qxb3 12. axb3 Be4 13. Bf4 Nd5 14. Bd6 Rfe8 15. Rfc1 N7b6 16. Bxe7 Rxe7 17. Nd6 Bg6 18. Ne5 Rd8 19. Ndc4 a6 20. e3 Nd7 21. Nf3 Nb4 22.
Na5 Nb6 23. Ne5 f6 24. Nec4 Nxc4 25. bxc4 Nd3 26. Rd1 Nb4 27. Rac1 Red7 28. Bh3 Kf7 29. Nb3 b6 30. c5 b5 31. Na5 Be4 32. Rd2 h5 33. Kf1 g5 34. Ke2 g4 35. Bf1 Bf3+ 36. Ke1 e5 37. Nb3 Bd5 38. Na5 Bf3 39. Nb3 Bd5 40.
Rc3 Na2 41. Na5 Nxc3 42. bxc3 exd4 43. cxd4 Bf3 44. Be2 Rc7 45. h4 f5 46. Bd3 Be4 47. Kd1 Bxd3 48. Rxd3 Ke6 49. Ke2 Kd5 50. Rb3 Ke4 51. Rb4 Kd5 52. Kd3 Re7 53. Rb1 Rde8 54. Re1 Ra8 55. Ra1 Re4 56. Ra2 Re7 57. Ra1 Re4 58. Re1 Re7 59. Rf1 Rae8 60. Re1 Rg8 61. Re2 f4 62. e4+ Ke6 63. Nxc6 Kd7 64. Nxe7 Kxe7 65.
gxf4 g3 66. fxg3 Rxg3+ 67. Re3 Rg4 68. f5 Rxh4 69. d5 Rh1 70. d6+ Kd7 71. e5 Rd1+ 72. Kc2 Rd5 73. e6+ Ke8 74. f6 Rxc5+ 75. Kb3 1-0

[Event "*** Titled Tuesday Blitz"]
[Site "Chess.com"]
[Date "2020.05.05"]
[Round "1"]
[White "vanea_03"]
[Black "tylityli"]
[Result "0-1"]
[WhiteElo "2628"]
[BlackElo "2336"]
[TimeControl "180+1"]
[EndTime "10:08:36 PDT"]
[Termination "tylityli won by resignation"]

1. d4 Nf6 2. c4 g6 3. Nc3 Bg7 4. e4 d6 5. h3 Nbd7 6. Be3 e5 7. d5 a5 8. g4 b6 9. Nf3 h5 10. g5 Ng8 11. Qc2 Nc5 12. O-O-O Ne7 13. Nd2 Bd7 14. f3 O-O 15. h4 Kh7 16. Nb3 Ng8 17. Nxc5 bxc5 18.
Bd3 f5 19. Kb1 f4 20. Bd2 Qb8 21. Ka1 Ne7 22. Rb1 Nc8 23. Bf1 Nb6 24. Qd3 Qb7 25. Bh3 Be8 26. b3 Qa6 27. Nb5 Rf7 28. Rhc1 Re7 29.
Na3 Nd7 30. Kb2 Nb8 31. Kc2 Qb6 32. Kd1 Na6 33. Ra1 Nb4 34. Qb1 c6 35. Ke1 Rea7 36. Kf1 a4 37. bxa4 Rxa4 38. Nc2 cxd5 39. exd5 Qa6 40. Nxb4 cxb4 41. Kg1 Qb6+ 42. Kf1 Ra3 43. Bg2 b3 44. c5 dxc5 45. Qb2 Rxa2 46. Rxa2 Rxa2 47.
Qc3 Qb5+ 48. Kg1 e4 49. Qxc5 Qxc5+ 50. Rxc5 Rxd2 51. Rc8 Bd7 52. Rb8 exf3 53. Bxf3 b2 54. Kf1 Bf5 55. Ke1 Rh2 56. Kf1 b1=Q+ 57. Rxb1 Bxb1 58. d6 Rd2 59. Bc6 0-1

[Event "*** Titled Tuesday Blitz"]
[Site "Chess.com"]
[Date "2020.05.05"]
[Round "1"]
[White "ARMQUEEN"]
[Black "farzadbfd"]
[Result "1-0"]
[WhiteElo "2353"]
[BlackElo "2654"]
[TimeControl "180+1"]
[EndTime "10:08:40 PDT"]
[Termination "ARMQUEEN won by resignation"]

1. e4 e5 2. Nf3 Nc6 3. Bc4 Bc5 4. d3 Nf6 5. c3 a6 6. Bb3 d6 7. h3 O-O 8. Nbd2 Be6 9. Nf1 d5 10. Qe2 dxe4 11. dxe4 Qd7 12. g4 Bxb3 13. axb3 Rad8 14. Ng3 Qd3 15. Bg5 Qxe2+ 16. Kxe2 Be7 17. Nf5 Rfe8 18.
Nxe7+ Rxe7 19. Bxf6 gxf6 20. Rad1 Red7 21. Rxd7 Rxd7 22.
Nh4 Na5 23. b4 Nc4 24. b3 Rd2+ 25. Kf3 Nd6 26. c4 Rd3+ 27. Kg2 Rxb3 28. c5 Nxe4 29.
Rd1 h6 30. Rd8+ Kh7 31. Rd7 Ng5 32. Rxc7 Rxb4 33. Nf5 Kg6 34. Ne7+ Kh7 35. Nd5 Rb2 36. h4 Ne4 37. Kf3 Nd2+ 38. Kg3 Kg7 39. Ne3 Ne4+ 40.
Kf3 Nxf2 41. Nf5+ Kg6 42. Ne7+ Kh7 43. Nf5 Kg6 44. Ne7+ Kh7 45. Nd5 Kg7 46. Ne3 e4+ 47. Kf4 Nd3+ 48. Kxe4 Ne5 49. Nf5+ Kg6 50. Ne7+ Kg7 51.
Nf5+ Kg6 52. Ne7+ Kh7 53. Nf5 Rb4+ 54. Kd5 a5 55. g5 hxg5 56. hxg5 Kg6 57. Nd6 a4 58. gxf6 a3 59. Rc8 Kxf6 60. Ne4+ Kf5 61. Nd6+ Kf4 62. Ra8 Rb3 63. Ra4+ Ke3 64. Kxe5 b5 65.
cxb6 Rxb6 66. Nc4+ Kd3 67. Nxb6 Kc3 68. Rxa3+ Kb4 69.
Ra6 Kb5 70. Ra7 Kxb6 71. Rxf7 Kc5 72. Rf6 Kc4 73. Rd6 Kb5 74. Ke4 Kc4 75. Rd4+ Kc5 76. Ke5 Kb5 77. Kd5 1-0

[Event "*** Titled Tuesday Blitz"]
[Site "Chess.com"]
[Date "2020.05.05"]
[Round "1"]
[White "APOKALIPSA13"]
[Black "vpsetter"]
[Result "0-1"]
[WhiteElo "2240"]
[BlackElo "2578"]
[TimeControl "180+1"]
[EndTime "10:08:41 PDT"]
[Termination "vpsetter won by resignation"]

1. d4 Nf6 2. Nc3 d5 3. Bg5 Nbd7 4. Nf3 c6 5. e3 h6 6. Bh4 g5 7. Bg3 Nh5 8. Bd3 Bg7 9. Qd2 Nxg3 10. hxg3 e5 11.
dxe5 Nxe5 12. Nxe5 Bxe5 13. f4 Bg7 14. O-O-O Bg4 15.
Rde1 Qa5 16. e4 d4 17. Nb1 Qxd2+ 18. Nxd2 O-O-O 19. Nc4 b5 20. Na5 Kc7 21. e5 Kb6 22. Nb3 c5 23. Nd2 c4 24. Be4 gxf4 25. gxf4 h5 26. Nf3 Bh6 27. g3 Rhg8 28. Reg1 Bxf3 29. Bxf3 Rxg3 30. Rxg3 Bxf4+ 31. Kd1 Bxg3 32. Rxh5 Re8 33. Rf5 Re7 34. Bh5 Bxe5 35. Rxf7 Re6 36. Rf5 Bg3 37. Rg5 Re3 38. Rg6+ Kc5 39. Rg5+ Be5 40. Kd2 Kd6 41. Rg6+ Ke7 42. Kd1 c3 43. bxc3 dxc3 44. Rg1 Bg3 45. Be2 a6 46. Bd3 Kd6 47. Rf1 Kc5 48.
Be2 Re5 49. Rf3 Rd5+ 50. Kc1 Be5 51. Rd3 Bd4 52. Kd1 Re5 53. Ke1 Rg5 54. Bf3 Rg1+ 55.
Ke2 Rc1 56. Be4 Rxc2+ 57. Kf3 Rf2+ 58. Kg4 c2 0-1

[Event "*** Titled Tuesday Blitz"]
[Site "Chess.com"]
[Date "2020.05.05"]
[Round "1"]
[White "Nikithebest"]
[Black "Nakachuk"]
[Result "0-1"]
[WhiteElo "2449"]
[BlackElo "2880"]
[TimeControl "180+1"]
[EndTime "10:08:42 PDT"]
[Termination "Nakachuk won on time"]

1. e4 c5 2. Nf3 e6 3. d3 d5 4. Qe2 Nf6 5. g3 Nc6 6. Bg2 Be7 7. O-O O-O 8. e5 Nd7 9. c4 d4 10. h4 Re8 11. Bf4 Bf8 12. h5 h6 13.
Nbd2 Ne7 14. g4 Nc6 15. g5 hxg5 16. Bxg5 Be7 17. Bf4 b6 18. Ne4 Bb7 19. Ng3 Kh8 20. Rfe1 Rg8 21. Qd2 a6 22. Ne4 Qf8 23. Neg5 Bxg5 24.
Nxg5 Rb8 25. Kh2 Qe7 26. Rh1 Ncxe5 27. Bxb7 Rxb7 28. Kg2 b5 29. Qe2 bxc4 30. Qe4 Nf6 31. Qxe5 Rxb2 32. h6 Rxf2+ 33. Kg3 Rb2 34. hxg7+ Kxg7 35. Ne4 Kf8+ 36. Kf3 Nd5 37. Bh6+ Ke8 38. Rag1 Rxg1 39.
Rxg1 Kd7 40. Bg5 Qf8 41. Bf6 cxd3 42. Rg7 d2 43. Rg1 Ne3 44. Bg7 Qe7 45. Nf6+ Kc6 46. Qe4+ Kb6 47. Qa8 Qb7+ 48. Qxb7+ Kxb7 49. Ne4 d1=Q+ 50.
Rxd1 Nxd1 51. Nxc5+ Kc6 52. Bxd4 Rxa2 53. Nd3 Ra3 54. Ke2 Nc3+ 55. Kd2 Ne4+ 56. Ke3 Kd5 57. Bb2 Rb3 58. Ke2 Nc3+ 59. Kd2 Kc4 60. Ne5+ Kd4 61.
Nf3+ Ke4 62. Ng5+ Kf5 0-1

[Event "*** Titled Tuesday Blitz"]
[Site "Chess.com"]
[Date "2020.05.05"]
[Round "1"]
[White "Karina_Ivanova"]
[Black "Lupul_Cenusiu"]
[Result "0-1"]
[WhiteElo "2165"]
[BlackElo "2527"]
[TimeControl "180+1"]
[EndTime "10:08:42 PDT"]
[Termination "Lupul_Cenusiu won by checkmate"]

1. Nf3 Nf6 2. g3 Nc6 3. Bg2 e5 4. d3 h6 5. c4 Bc5 6. O-O d6 7. Nc3 O-O 8. a3 a5 9. Rb1 Be6 10. Bd2 Re8 11. Na4 Ba7 12. b4 axb4 13. axb4 Qd7 14. b5 Ne7 15. Nc3 Bc5 16. Na4 Ba7 17. Nc3 Nf5 18. e3 Ne7 19. Qc2 Bc5 20. Na4 Ng6 21. Nxc5 dxc5 22. Rfd1 Rad8 23. Ne1 Qc8 24. Bc3 Bf5 25. Qe2 Bg4 26. Bf3 h5 27. h4 Qe6 28.
Kg2 e4 29. Bxg4 Nxg4 30. dxe4 Qxe4+ 31. Kg1 b6 32. Bb2 f6 33. Qc2 Qxc2 34. Nxc2 N4e5 35. Na3 Nf3+ 36. Kg2 Nd2 37. Rbc1 Rd3 38. Rc2 Red8 39. Nb1 Nxb1 40. Rxb1 Ne5 41. Bxe5 fxe5 42. Kf3 Kf7 43.
Ke4 Ke6 44. Rbb2 Rd1 45. Re2 g6 46. Rec2 R8d7 47. Ra2 Rb1 48. Rab2 Ra1 49. Ra2 Rf1 50. Rab2 Rg7 51. Ra2 g5 52. hxg5 Rxg5 53. Ra7 Rg7 54.
Rb7 Rf7 55. f4 exf4 56. gxf4 Kf6 57. Rh2 Re7+ 58. Kd3 Kg6 59. Rg2+ Kh6 60. Ke2 Rc1 61. Kd3 Rd1+ 62. Kc2 Re1 63. Rg3 Rd7 64. Rf3 Re2+ 65. Kc3 h4 66. f5 Kg7 67. f6+ Kf7 68. Rh3 Red2 69. Kb3 R7d3+ 70. Ka4 Ra2# 0-1

[Event "*** Titled Tuesday Blitz"]
[Site "Chess.com"]
[Date "2020.05.05"]
[Round "1"]
[White "FranciscodelaF"]
[Black "Sosat98"]
[Result "0-1"]
[WhiteElo "2353"]
[BlackElo "2686"]
[TimeControl "180+1"]
[EndTime "10:08:43 PDT"]
[Termination "Sosat98 won by resignation"]

1. d4 d5 2. c4 c6 3. Nf3 Nf6 4. e3 e6 5. b3 b6 6. Bb2 Bb7 7. Bd3 c5 8. cxd5 exd5 9. O-O Nbd7 10. Nbd2 Bd6 11. Rc1 O-O 12. Ne5 Qe7 13. f4 Rac8 14.
Qf3 Ba8 15. Qh3 Bxe5 16. fxe5 Ne4 17. Nxe4 dxe4 18. Be2 Bd5 19. Bg4 Rc7 20. Bf5 h6 21. Rfd1 Rd8 22. Ba3 Qg5 23. Rd2 g6 24. Bg4 h5 25.
Be2 Be6 26. Qg3 Qxg3 27. hxg3 Nxe5 28. Rcd1 Ng4 29. dxc5 Rxd2 30. Rxd2 Nxe3 31. cxb6 axb6 32. Rd8+ Kh7 33. Bb2 f6 34. Bxf6 Bg8 35. Bg5 Nf5 36.
Kf2 Ra7 37. Rd2 Rf7 38. Ke1 e3 39. Rd8 Rc7 40. Bf6 Rf7 41. Bb2 Ra7 42. Bc4 Nh6 43. Bxg8+ Nxg8 44. a4 Rc7 45. Rd3 Rc2 46. Be5 Rxg2 47.
Rxe3 Nh6 48. Bf4 Nf5 49. Re5 Rb2 50. Rb5 Nd4 51. Rxb6 Nf3+ 52. Kd1 Rb1+ 53. Kc2 Rf1 54. a5 Rf2+ 55. Kc3 Ra2 56. a6 g5 57. Be3 h4 58. b4 h3 59. Rb7+ Kh6 60. a7 h2 61.
Rb8 Nh4 62. Rh8+ Kg7 63. a8=Q Rxa8 64. Rxa8 h1=Q 65. gxh4 Qxa8 66. Bd4+ Kg6 67. hxg5 Kxg5 68. Be3+ Kf5 69. Bc5 Ke6 70. Kc4 Kd7 71. b5 Kc7 72.
Kb4 Kb7 73. Bd4 Qc8 74. Bc3 0-1

[Event "*** Titled Tuesday Blitz"]
[Site "Chess.com"]
[Date "2020.05.05"]
[Round "1"]
[White "Rodalquilar"]
[Black "diskeleven"]
[Result "1/2-1/2"]
[WhiteElo "2637"]
[BlackElo "2332"]
[TimeControl "180+1"]
[EndTime "10:08:44 PDT"]
[Termination "Game drawn by repetition"]

1. e4 c5 2. Nc3 a6 3. g3 b5 4. Bg2 Bb7 5. d3 e6 6. Nh3 Nf6 7. f4 d6 8. O-O Be7 9. f5 e5 10. g4 h5 11. g5 Ng4 12. Bf3 b4 13. Nd5 Bxd5 14. exd5 c4 15. Bxg4 hxg4 16. Qxg4 cxd3 17. cxd3 Qb6+ 18. Kh1 Qd4 19. Qxd4 exd4 20. Nf2 Nd7 21. Ne4 Rc8 22. Bf4 Ne5 23. Bxe5 dxe5 24. f6 Rc2 25. Rf2 Rxf2 26. Nxf2 gxf6 27. gxf6 Bxf6 28.
Ne4 Be7 29. Rf1 Rh3 30. Rf5 f6 31. Nxf6+ Bxf6 32. Rxf6 Rxd3 33. Re6+ Kd7 34. Rxe5 Kd6 35. Rg5 Re3 36. Kg2 Re2+ 37. Kg3 Rxb2 38. h4 d3 39. Kf3 Rh2 40. Ke3 d2 41. Rg1 Kxd5 42. Rd1 Rxh4 43. Kxd2 Rh2+ 44. Kc1+ Kc4 45. Kb1 a5 46. Rc1+ Kb5 47.
Rg1 Rd2 48. Rg5+ Ka4 49. Rg3 Re2 50. Rh3 Re4 51. Rg3 Kb5 52. Rg5+ Ka4 53. Rg3 Rc4 54.
Rh3 Kb5 55. Rh5+ Rc5 56. Rh3 a4 57. Rg3 Rd5 58. Rg1 Kc4 59. Rg4+ Rd4 60. Rxd4+ Kxd4 61. Ka1 Kc3 62. Kb1 Kd2 63. Kb2 Kd3 64. Kb1 Kc4 65. Kb2 Kd4 66. Kb1 Kc3 67. Kc1 b3 68. a3 Kd3 69. Kb1 Kd2 70. Kb2 Kd3 71. Kb1 Kc4 72.
Kc1 Kc3 73. Kb1 Kd2 74. Kb2 Kd3 75. Kb1 1/2-1/2

[Event "*** Titled Tuesday Blitz"]
[Site "Chess.com"]
[Date "2020.05.05"]
[Round "1"]
[White "SaySpade4VIP"]
[Black "PowerThinking2650"]
[Result "1-0"]
[WhiteElo "2614"]
[BlackElo "2291"]
[TimeControl "180+1"]
[EndTime "10:08:45 PDT"]
[Termination "SaySpade4VIP won by resignation"]

1. e4 e5 2. Nf3 Nc6 3. Bb5 a6 4. Ba4 Nf6 5. O-O Be7 6. d3 b5 7. Bb3 d6 8. a3 O-O 9. Nc3 Bg4 10.
Be3 Nd4 11. Bxd4 exd4 12. Nd5 c5 13. h3 Be6 14. Nxf6+ Bxf6 15. Bxe6 fxe6 16. Qe2 e5 17. a4 b4 18. Nd2 Ra7 19. g3 Bg5 20. Nc4 Raf7 21. Kg2 g6 22. Qg4 Qe7 23. h4 Bf6 24.
Nb6 Kg7 25. Nd5 Qd7 26. Qe2 h5 27. f4 exf4 28. Rxf4 Be5 29. Rxf7+ Rxf7 30. b3 Qe6 31.
Rf1 Rxf1 32. Qxf1 Bxg3 33. Kxg3 Qg4+ 34. Kh2 Qxh4+ 35. Qh3 Qf2+ 36. Qg2 Qh4+ 37. Kg1 Qe1+ 38. Kh2 Qh4+ 39. Qh3 Qf2+ 40. Kh1 Qe1+ 41. Kg2 Qe2+ 42.
Kg3 Qxc2 43. Qd7+ Kh6 44. Nf4 Qd2 45. Qe6 Qe3+ 46. Kg2 Qxf4 47. Qg8 Kg5 48. Qd8+ Kg4 49. Qd7+ Kh4 50. Qd8+ g5 51. Qd7 Qg4+ 52. Qxg4+ Kxg4 53.
Kf2 Kf4 54. a5 g4 55. e5 h4 56. e6 g3+ 57. Kg2 Kg4 58. e7 h3+ 59. Kg1 Kf3 60. e8=Q h2+ 61. Kh1 Kf2 62. Qf7+ Ke3 63. Qd5 Kxd3 64.
Kg2 Kc3 65. Qc4+ Kb2 66. Qd5 c4 67. Qxc4 Ka3 68. Qxd4 Kxb3 69. Qxd6 Ka4 70. Qxa6 b3 71.
Qb6 b2 72. Qxb2 1-0

[Event "*** Titled Tuesday Blitz"]
[Site "Chess.com"]
[Date "2020.05.05"]
[Round "1"]
[White "jlandaw"]
[Black "MikaelyanArman"]
[Result "0-1"]
[WhiteElo "2390"]
[BlackElo "2742"]
[TimeControl "180+1"]
[EndTime "10:08:47 PDT"]
[Termination "MikaelyanArman won by resignation"]

1. e4 c5 2. Nc3 Nc6 3. g3 g6 4.
Bg2 Bg7 5. d3 d6 6. f4 a6 7. Nf3 b5 8. a3 Bb7 9. Be3 Nd4 10. O-O e6 11. Rb1 Ne7 12. Ne2 Nxf3+ 13. Bxf3 O-O 14. Qd2 Rc8 15. c3 d5 16. e5 f6 17. d4 cxd4 18. Nxd4 Qd7 19. exf6 Bxf6 20.
Rbe1 Nf5 21. Nxf5 exf5 22. Bd4 Bxd4+ 23. Qxd4 Rc4 24. Qb6 Bc6 25. Re5 d4 26. Bxc6 Rxc6 27. Qxd4 Rd6 28. Qf2 Rd2 29. Re2 Rxe2 30. Qxe2 Re8 31.
Qf2 Re4 32. Re1 Qe6 33. Rd1 Kg7 34. Qa7+ Kh6 35. Qf2 Re2 36. Qf3 Rxb2 37. h3 Qb6+ 38. Kh1 Rf2 39. Qd3 Qc6+ 40. Qd5 Qxd5+ 41. Rxd5 Rf3 42. Rd6 Rxg3 43. Kh2 Rxc3 44. Rxa6 Rf3 45. Ra5 Rxf4 46. Rxb5 Ra4 47. Rb3 Kg5 48. Kg3 h5 49. Rc3 h4+ 50. Kf3 Kf6 51. Rc6+ Kg7 52. Rc3 Kh6 53.
Rb3 Kh5 54. Kg2 g5 55. Kh2 g4 56. Rb5 g3+ 57. Kg2 Kg5 58. Rb3 Rc4 59. Rf3 Rc2+ 60. Kg1 Ra2 61. Kf1 f4 62. Kg1 Kf5 63. Rb3 Rd2 64. Kf1 Ke4 65. Rb4+ Rd4 66. Rb3 f3 67. Ke1 f2+ 68. Ke2 Rd2+ 69. Kxd2 f1=Q 70. Rb4+ Kd5 71.
Rxh4 Qf2+ 0-1

[Event "*** Titled Tuesday Blitz"]
[Site "Chess.com"]
[Date "2020.05.05"]
[Round "1"]
[White "Kopytkin"]
[Black "Lagmantr"]
[Result "0-1"]
[WhiteElo "2359"]
[BlackElo "2693"]
[TimeControl "180+1"]
[EndTime "10:08:50 PDT"]
[Termination "Lagmantr won on time"]

1. e4 c6 2. d4 d5 3. e5 c5 4. dxc5 e6 5. a3 Bxc5 6. b4 Be7 7. Nf3 a5 8. b5 Nd7 9. a4 f6 10. Bb2 Nh6 11. Bd3 Nf7 12. exf6 Bxf6 13. Bxf6 Qxf6 14. Nbd2 O-O 15. c4 Nc5 16. Bc2 d4 17.
Ne4 Nxe4 18. Bxe4 Ng5 19. Qd3 Nxf3+ 20. Bxf3 e5 21. O-O Bf5 22. Be4 Bxe4 23. Qxe4 b6 24.
Rae1 Rae8 25. f3 Qd6 26. Qd5+ Qxd5 27. cxd5 Kf7 28. Re4 g5 29. Rc1 Rc8 30. Rc6 Rxc6 31. dxc6 Ke6 32. Kf2 Kd5 33. Ke2 Re8 34. Kd3 Kc5 35.
Rg4 h6 36. h4 Rg8 37. hxg5 hxg5 38. Re4 Kd5 39. Rg4 Rg7 40. Rg3 Kc5 41. Rg4 Kb4 42.
Re4 Re7 43. Rg4 Kxa4 44. Rxg5 Kxb5 45. f4 Kxc6 46. fxe5 Kd5 47. e6+ Kxe6 48. Rg6+ Kd5 49. Rxb6 Re3+ 50. Kd2 Ra3 51. Rg6 a4 52. Kc2 d3+ 53. Kd2 Ke5 54. Rg4 Kd5 55. Rh4 Kc5 56. Rg4 Kb5 57. Ke3 Rb3 58. Kd2 a3 59. Rg5+ Ka4 60.
Rg8 Rb5 61. Rh8 a2 62. Ra8+ Ra5 0-1

[Event "*** Titled Tuesday Blitz"]
[Site "Chess.com"]
[Date "2020.05.05"]
[Round "1"]
[White "DortmundCity"]
[Black "Volovier"]
[Result "0-1"]
[WhiteElo "2373"]
[BlackElo "2719"]
[TimeControl "180+1"]
[EndTime "10:08:51 PDT"]
[Termination "Volovier won by checkmate"]

1. e4 d5 2. exd5 Qxd5 3. Nc3 Qa5 4. Bc4 Nf6 5. Nf3 e6 6. d4 c5 7. O-O cxd4 8. Nxd4 Be7 9. Nb3 Qd8 10. Qe2 O-O 11.
Bf4 Nc6 12. Rfd1 Bd7 13. Nb5 a6 14. Nd6 Bxd6 15. Bxd6 Re8 16. Bg3 Qe7 17. Bd6 Qd8 18.
Nc5 b5 19. Bb3 Qc8 20. Bg3 Na5 21. Nxd7 Nxd7 22. c3 Nxb3 23. axb3 Nc5 24. b4 Na4 25. Rd4 Nb6 26. Rad1 Nd5 27. h3 Qc6 28. Qd2 a5 29. bxa5 Rec8 30. Rg4 Qb7 31. Be5 f6 32. Bd4 Rd8 33.
b4 Qc7 34. Rg3 Kh8 35. Qe2 Nf4 36. Qg4 e5 37. Bc5 h5 38. Rxd8+ Rxd8 39. Qf5 Ne2+ 40. Kh2 Nxg3 41. fxg3 Qf7 42. a6 Ra8 43. a7 Kg8 44.
Qf1 Qb7 45. c4 Rxa7 46. Bxa7 Qxa7 47. cxb5 Qd4 48. Qb1 e4 49. Qc2 Qxb4 50. Qc8+ Kh7 51. Qf5+ Kh6 52. Qf4+ Kg6 53. g4 Qxb5 54. Qxe4+ Kf7 55.
gxh5 Qxh5 56. Qf3 Qe5+ 57. Qg3 Qd4 58. Qf3 g5 59. Qg3 Kg6 60. Qf3 f5 61. g3 f4 62.
gxf4 gxf4 63. h4 Kf6 64. Kh3 Qd7+ 65. Kg2 Qd4 66. Kh3 Qd2 67. Kg4 Ke5 68. Kg5 Qd8+ 69. Kh5 Qc8 70. Qe2+ Kf6 71. Qf3 Qf5+ 72. Kh6 Qg6# 0-1